 Dungeon Crawl Stone Soup version 0.24-a0-139-geb6712d (webtiles) character file.

Game seed: 12361633975494344699

98 Anon1729 the Shield-Bearer (level 4, 0/31 HPs)
             Began as an Octopode Fighter on Mar 2, 2019.
             Slain by a goblin (5 damage)
             ... led by Robin
             ... on level 2 of the Dungeon.
             The game lasted 00:03:19 (1888 turns).

Anon1729 the Shield-Bearer (Octopode Fighter)       Turns: 1888, Time: 00:03:22

Health: 0/31       AC:  1    Str: 15    XL:     4   Next: 69%
Magic:  4/4        EV: 12    Int: 11    God:
Gold:   56         SH:  8    Dex: 11    Spells: 3/3 levels left

rFire    . . .     SeeInvis .     - Unarmed
rCold    . . .     Gourm    .   a - +0 shield
rNeg     . . .     Faith    .   (helmet restricted)
rPois    .         Spirit   .   (no amulet)
rElec    .         Reflect  .   j - ring of stealth
rCorr    .         Harm     .   l - ring of wizardry
MR       .....                  (no ring)
Stlth    ++++......             (no ring)
HPRegen  0.10/turn              (no ring)
MPRegen  0.09/turn              (no ring)
                                (no ring)
                                (no ring)

@: no status effects
A: almost no armour, stealthy swim, amphibious, 8 rings, constrict 8, camouflage
1, gelatinous body 1
a: no special abilities


You were on level 2 of the Dungeon.
You were very hungry.

You visited 1 branch of the dungeon, and saw 2 of its levels.

You collected 56 gold pieces.

Inventory:

Hand Weapons
 f - a +3 quarterstaff of chaos
Armour
 a - a +0 shield (worn)
Jewellery
 j - a ring of stealth (left tentacle)
 l - a ring of wizardry (right tentacle)
Scrolls
 e - a scroll of enchant armour {unknown}
 g - a scroll of magic mapping {unknown}
 h - a scroll of identify {unknown}
Potions
 b - a potion of might
 d - a potion of brilliance
 k - a potion of haste {unknown}
Comestibles
 c - 2 rations


   Skills:
 + Level 3.5 Fighting
 + Level 3.5 Dodging
 + Level 2.4 Stealth
 + Level 3.5 Shields
 + Level 2.7 Unarmed Combat


You had 3 spell levels left.
You didn't know any spells.
Your spell library was empty.

Dungeon Overview and Level Annotations

Branches:
Dungeon (2/15)

Altars:


Innate Abilities, Weirdness & Mutations

You cannot wear most types of armour.
You are very stealthy in the water. (Stealth+)
You are amphibious.
You can wear up to eight rings at the same time.
You can use your tentacles to constrict eight enemies at once.
Your skin changes colour to match your surroundings (Stealth+).
Your rubbery body absorbs attacks. (AC +1, EV +1)


Message History

You constrict Robin. You block Robin's attack. The goblin hits you.
You tentacle-slap Robin.
You kill Robin!
The goblin hits you but does no damage.
The kobold throws a stone.
The stone closely misses you.
The stone barely misses the goblin.
You closely miss the goblin. Your grab misses the goblin.
You squeeze the goblin, but do no damage.
The goblin completely misses you.
The kobold throws a stone.
The stone hits you.
You closely miss the goblin. Your grab misses the goblin.
Your squeeze misses the goblin. The goblin barely misses you.
The kobold throws a stone.
The stone hits you.
* * * LOW HITPOINT WARNING * * *
You closely miss the goblin. Your grab misses the goblin.
You squeeze the goblin, but do no damage.
The goblin hits you.
* * * LOW HITPOINT WARNING * * *
The kobold throws a stone.
The stone hits you but does no damage. The goblin hits you.
You die...

#.##..........
♣♣#####.####.######
♣♣..#...<#
#.######..
♣♣♣......#.#
#.(.......
.♣.PP...##.#
#..######.
♣.♣...####.####..#
♣♣♣♣♣## ....[....#
##.#####g# #.. #@#
#.. #)# #..####K#
#.....wg##
.<.$...g.#
.....###.#
.....S.....g.ggg
.....###.#####g.
?.. ..#


You could see a dart slug, 3 goblins and a kobold.

Vanquished Creatures
  Crazy Yiuf (D:2)
  Robin (D:2)
  2 adders (D:1)
  A dart slug (D:1)
  A leopard gecko (D:1)
  A giant cockroach (D:2)
  12 goblins
  3 hobgoblins (D:1)
  3 jackals (D:1)
  2 bats (D:1)
  A frilled lizard (D:1)
  7 kobolds
  3 rats (D:1)
  A fungus (D:2)
39 creatures vanquished.

Notes
Turn   | Place    | Note
-------+----------+-------------------------------------------
     0 | D:1      | Anon1729 the Octopode Fighter began the quest for the Orb.
     0 | D:1      | Reached XP level 1. HP: 16/16 MP: 1/1
   313 | D:1      | Reached XP level 2. HP: 19/21 MP: 2/2
   351 | D:1      | Reached skill level 1 in Stealth
   886 | D:1      | Reached XP level 3. HP: 14/26 MP: 3/3
  1357 | D:2      | Found a runed translucent door.
  1358 | D:2      | Noticed Crazy Yiuf
  1369 | D:2      | Killed Crazy Yiuf
  1423 | D:1      | Reached XP level 4. HP: 19/31 MP: 4/4
  1545 | D:2      | Noticed Robin
  1885 | D:2      | Killed Robin
  1888 | D:2      | Slain by a goblin

Levels and vault maps discovered:
D:1:      dpeg_arrival_rooms_a, layout_basic, minmay_misc_feat_rugged
D:2:      layout_loops_ring, first_ration, minmay_misc_feat_iff,
          okawaru_altar_gauntlet_db, uniq_robin, uniq_sigmund,
          uniq_crazy_yiuf_cottage

Skill      XL: |  1  2  3 |
---------------+----------+-----
Stealth        | 1 2 |  2.4
Fighting       | |  3.5
Dodging        | |  3.5
Shields        | |  3.5
Unarmed Combat | |  2.7

Action                   |  1- 3 |  4- 6 || total
-------------------------+-------+-------++-------
Melee: Unarmed           |    73 |    35 ||   108
       Constrict         |    16 |     7 ||    23
       Tentacles         |    13 |     5 ||    18
       Punch             |     1 |       ||     1
  Use: Potion            |       |     2 ||     2
 Stab: Sleeping          |     3 |       ||     3
  Eat: Chunk             |       |     2 ||     2
Armor: Skin              |     4 |     2 ||     6
Dodge: Dodged            |    24 |    16 ||    40
Block: Shield            |    28 |    20 ||    48

Table legend:
 A = Non-vault XP
 B = Vault XP
 C = Vault XP percentage of total XP
 D = Non-vault monster count
 E = Vault monster count
 F = Vault count percentage of total count
                 A         B        C        D         E       F
            +---------+---------+-------+---------+---------+-------
      Total |      71 |      69 |  49.3 |      29 |       9 |  23.7
            +---------+---------+-------+---------+---------+-------
        D:1 |      66 |       0 |   0.0 |      26 |       0 |   0.0
        D:2 |       5 |      69 |  93.2 |       3 |       9 |  75.0
            +---------+---------+-------+---------+---------+-------
